 Dungeon Crawl Stone Soup version 0.23.1 (webtiles) character file.

Game seed: 12559950344377183140

25 Borgoz the Sneak (level 3, 0/26 HPs)
             Began as a Ghoul Enchanter on Mar 14, 2019.
             Slain by Terence
             ... wielding a +0 falchion
              (7 damage)
             ... on level 2 of the Dungeon.
             The game lasted 00:01:34 (1167 turns).

Borgoz the Sneak (Ghoul Enchanter)                  Turns: 1167, Time: 00:01:34

Health: 0/26       AC:  2    Str: 16    XL:     3   Next: 4%
Magic:  2/4        EV: 12    Int: 10    God:
Gold:   41         SH:  0    Dex: 10    Spells: 2/5 levels left

rFire    . . .     SeeInvis .   a - +1 dagger
rCold    + . .     Gourm    .   (no shield)
rNeg     + + +     Faith    .   b - +0 robe
rPois    ∞         Spirit   .   (no helmet)
rElec    .         Reflect  .   (no cloak)
rCorr    .         Harm     .   (no gloves)
MR       .....                  (no boots)
Stlth    ++........             (no amulet)
HPRegen  0.00/turn              (no ring)
MPRegen  0.09/turn              (no ring)

@: mighty, rotting
A: rotting body, claws 1, carnivore, cold resistance 1, negative energy
resistance 3, inhibited regeneration, torment resistance, unbreathing
a: no special abilities


You were on level 2 of the Dungeon.
You were not hungry.

You visited 1 branch of the dungeon, and saw 2 of its levels.

You collected 41 gold pieces.

Inventory:

Hand Weapons
 a - a +1 dagger (weapon)
Missiles
 c - 32 poisoned needles
Armour
 b - a +0 robe (worn)
Jewellery
 h - an uncursed amulet of guardian spirit {unknown}
Scrolls
 e - 2 scrolls of amnesia {unknown}
 f - a scroll of blinking {unknown}
 j - a scroll of teleportation {unknown}
Potions
 i - a potion of might
Comestibles
 d - 2 rations


   Skills:
 * Level 1.3 Short Blades
 * Level 0.9 Armour
 * Level 2.1 Dodging
 + Level 3.5 Stealth
 - Level 1.7 Spellcasting
 + Level 2.5 Hexes


You had 2 spell levels left.
You knew the following spells:

 Your Spells              Type           Power        Failure   Level  Hunger
a - Corona                Hex            #......      11%         1    ##.....
b - Ensorcelled Hibernat  Hex/Ice        #.....       28%         2    ###....

Your spell library contained the following spells:

 Spells                   Type           Power        Failure   Level  Hunger
 Confuse                  Hex            #.......     32%         3    ####...
 Tukima's Dance           Hex            #.......     32%         3    ####...
 Dazzling Spray           Conj/Hex       #.....       50%         3    ####...


Dungeon Overview and Level Annotations

Branches:
Dungeon (2/15)

Altars:

Annotations:
D:2 Terence


Innate Abilities, Weirdness & Mutations

Your body is rotting away.
You thrive on raw meat.
You are immune to poison.
You have sharp fingernails.
You are carnivorous and can eat meat at any time.
Your flesh is cold resistant. (rC+)
You are immune to negative energy. (rN+++)
You do not regenerate when monsters are visible.
You are immune to unholy pain and torment.
You can survive without breathing.


Message History

Terence is heavily wounded.
Terence hits you with a +0 falchion.
You hit Terence.
Terence is severely wounded.
You hit Terence.
Terence is almost dead.
Terence barely misses you.
You hit Terence but do no damage.
Terence is almost dead.
Terence hits you with a +0 falchion.
* * * LOW HITPOINT WARNING * * *
Okay, then.
Okay, then.
You hit Terence but do no damage.
Terence is almost dead.
Terence misses you.
You barely miss Terence.
Terence is almost dead.
Terence hits you with a +0 falchion!
You die...

#.. ..# #.# ##.###.######
... #...........# #.#
#..#.#..#...### ##.#
#.#####..#.#........#
#...
#...................#
#...
..#####.#####.......#
#.<. ###.#####.#...###
#... #.[.....@.....#
######...
#.....#@####..###........
#..........#..#..........
#.....#.....).#.#........
#.....#.......#.######...
#######.......#.# #...
##........# #...
#..###.### #... #..# #.#
#...


You could see Terence.

Vanquished Creatures
  2 adders (D:2)
  2 bats (D:1)
  3 goblins
  A kobold (D:2)
  A rat (D:1)
9 creatures vanquished.

Notes
Turn   | Place    | Note
-------+----------+-------------------------------------------
     0 | D:1      | Borgoz the Ghoul Enchanter began the quest for the Orb.
     0 | D:1      | Reached XP level 1. HP: 14/14 MP: 2/2
   349 | D:1      | Reached skill level 1 in Short Blades
   903 | D:2      | Reached XP level 2. HP: 12/20 MP: 3/3
   907 | D:2      | Learned a level 2 spell: Ensorcelled Hibernation
  1066 | D:2      | Reached XP level 3. HP: 26/26 MP: 4/4
  1068 | D:2      | Noticed Terence
  1157 | D:2      | HP: 1/26 [Terence/+0 falchion (6)]
  1167 | D:2      | Slain by Terence

Skill      XL: |  1 |
---------------+----+-----
Short Blades   | 1 |  1.3
Dodging        | 2 |  2.1
Armour         | |  0.9
Stealth        | |  3.5
Spellcasting   | |  1.7
Hexes          | |  2.5

Action                   || total
-------------------------++-------
Melee: Dagger            ||    43
 Cast: Ensorcelled Hiber ||     4
  Use: Potion            ||     1
 Stab: Sleeping          ||     5
  Eat: Chunk             ||     5
Armor: Robe              ||     1
Dodge: Dodged            ||    28
